 Dungeon Crawl Stone Soup version 0.29-a0-275-g389c0b56f3 (webtiles) character file.

Game seed: 8665690719883097440

383 spaghetti the Ducker (level 6, 0/42 HPs)
             Began as an Octopode Fighter on Mar 13, 2022.
             Frozen to death by an endoplasm (3 damage)
             ... on level 3 of the Dungeon.
             The game lasted 00:04:16 (2340 turns).

spaghetti the Ducker (Octopode Fighter)             Turns: 2340, Time: 00:04:16

Health: 0/42       AC:  1    Str: 15    XL:     6   Next: 76%
Magic:  6/6        EV: 17    Int: 15    God:
Gold:   73         SH:  6    Dex: 23    Spells: 5/5 levels left

rFire   . . .      SeeInvis .   h - +8 whip "Spiderbane" {vamp, Dex+4, mace}
rCold   . . .      Faith    .   b - +0 buckler
rNeg    . . .      Spirit   .   (helmet restricted)
rPois   .          Reflect  .   (no amulet)
rElec   .          Harm     .   c - +6 ring of dexterity
rCorr   .          Rampage  .   l - ring of Tatuf {+Blink Will+ Int+4 Slay+2}
Will    +....                   (no ring)
Stlth   +++.......              (no ring)
HPRegen 0.14/turn               (no ring)
MPRegen 0.10/turn               (no ring)
                                (no ring)
                                (no ring)

@: no status effects
A: almost no armour, amphibious, 8 rings, camouflage 1, gelatinous body 1,
(nimble swimmer 1), tentacles
a: Evoke Blink


You were on level 3 of the Dungeon.
You visited 1 branch of the dungeon, and saw 3 of its levels.

You collected 73 gold pieces.


Innate Abilities, Weirdness & Mutations

You cannot wear most types of armour.
You are amphibious.
You can wear up to eight rings at the same time.
Your skin changes colour to match your surroundings (Stealth+).
Your rubbery body absorbs attacks. (AC +1, EV +1)
((You are camouflaged when in or above water. (Stealth+)))
You have tentacles for arms and can constrict up to eight enemies at once.


   Skills:
 - Level 3.0 Fighting
 - Level 2.0 Short Blades
 + Level 3.9 Maces & Flails
 + Level 6.0 Dodging
 - Level 3.0 Shields


You had 5 spell levels left.
You didn't know any spells.
Your spell library contained the following spells:

 Spells                   Type           Power      Damage    Failure   Level
 Sting                    Tmut/Pois      0%         1d3       34%         1
 Ignite Poison            Fire/Tmut/Pois 0%         N/A       71%         3
 Yara's Violent Unravell  Hex/Tmut       0%         3d3       100%        5

Inventory:

Hand Weapons
 a - a +0 rapier {short}
 f - a +2 dagger of draining {short}
   (You took it off a goblin on level 2 of the Dungeon)
 h - the +8 whip "Spiderbane" (weapon) {vamp, Dex+4, mace}
   (You found it on level 2 of the Dungeon)

   It occasionally heals its wielder for a portion of the damage dealt when it
   wounds a living foe.
   Dex:       It affects your dexterity (+4).
Missiles
 e - 76 stones (quivered) {throwing}
 i - 3 curare-tipped darts {=fthrowing}
 m - 4 poisoned darts {throwing}
Armour
 b - a +0 buckler (worn)
 d - an orb of energy
   (You found it on level 1 of the Dungeon)
Jewellery
 c - a +6 ring of dexterity (left tentacle)
   (You found it on level 1 of the Dungeon)
 l - the ring of Tatuf (right tentacle) {+Blink Will+ Int+4 Slay+2}
   (You acquired it on level 2 of the Dungeon)

   [ring of willpower]

   Int:       It affects your intelligence (+4).
   Slay:      It affects your accuracy & damage with ranged weapons and melee
   (+2).
   +Blink:    It lets you blink.
   Will:      It increases your willpower.
Scrolls
 g - a scroll of noise {unknown}
 j - a scroll of immolation {!r!r}
 n - a scroll of fog
 o - a scroll of teleportation {unknown}
 p - a scroll of identify {@r1}
Potions
 k - a potion of might

Dungeon Overview and Level Annotations

Branches:
Dungeon (3/15)

Altars:
Sif Muna

Annotations:
D:2 exclusions: ball python, endoplasm and goblin

#... .♣.....
#..< ....>..
#^.. .♣.....
... g......
.(♣...♣..#
.(.....
#oJ.# ##@.#
#<..#
#...........
#.#...#####.
...##.## ###
#.# #.# #.#
..>


You could see an orc priest, an endoplasm and a goblin.


Message History

Found two stone staircases leading down.
There is a stone staircase leading up here.
Unknown command.
Unknown command.
An orc comes into view. It is wielding a +0 dagger.
Found an escape hatch in the ceiling.
An orc is nearby!
You throw a stone {throwing}. The stone {throwing} hits the orc.
The orc shouts!
You hear a shout! x3
You throw a stone {throwing}. The stone {throwing} hits the orc.
No target in view!
No target in view!
No target in view!
No target in view!
No target in view!
No target in view!
No target in view!
No target in view!
No target in view!
No target in view!
No target in view!
No target in view!
No target in view!
No target in view!
No target in view!
No target in view!
No target in view!
No target in view!
No target in view!
No target in view!
An orc comes into view. It is wielding a +0 war axe.
An orc wizard comes into view. It is wielding a +0 dagger.
An orc priest comes into view. It is wielding a +0 hand axe.
There are monsters nearby!
You throw a stone {throwing}. The stone {throwing} hits the orc.
You throw a stone {throwing}. The stone {throwing} hits the orc.
You closely miss the orc. Your grab misses the orc.
An orc comes into view. It is wielding a +0 short sword.
The orc hits you with a +0 dagger. 😕 HP[-2]
You take 2 damage, and now have 40/42 hp.
You barely miss the orc.
The orc shouts!
Your grab misses the orc. The orc barely misses you. 😕 HP[+1]
You completely miss the orc. You grab the orc. You squeeze the orc.
You kill the orc!
You throw a stone {throwing}.
The stone {throwing} hits the orc wizard.
The orc priest invokes the aid of Beogh against you.
Beogh smites you!
An endoplasm comes into view. 😮 HP[-14]
You take 14 damage, and now have 27/42 hp.
MASSIVE DAMAGE!! (PAUSE)
You closely miss the orc wizard.
The endoplasm quivers.
Your grab misses the orc wizard. Your squeeze misses the orc wizard.
The orc priest mumbles some strange prayers to Beogh against you.
Beogh smites you!
* * * LOW HITPOINT WARNING * * *
You block the orc wizard's attack.
You hear a shout! 😨 HP[-11]
You take 11 damage, and now have 16/42 hp.
MASSIVE DAMAGE!! (PAUSE)
You whack the orc wizard!
You feel better.
You grab the orc wizard. You squeeze the orc wizard.
You kill the orc wizard!
The orc priest invokes the aid of Beogh against you.
Beogh smites you!
* * * LOW HITPOINT WARNING * * *
You block the orc's attack.
Your Dodging skill increases to level 6!
You completely miss the orc. You grab the orc. You tentacle-slap the orc.
You constrict the orc. The orc hits you with a +0 war axe!
* * * LOW HITPOINT WARNING * * *
😱 HP[-10]
You take 10 damage, and now have 6/42 hp.
MASSIVE DAMAGE!! (PAUSE)
Okay, then.
You whack the orc!
You kill the orc!
The orc hits you with a +0 short sword.
* * * LOW HITPOINT WARNING * * *
A goblin comes into view. It is wielding a +0 dagger. 😱 HP[-4]
You take 4 damage, and now have 2/42 hp.
Okay, then.
You whack the orc!
You kill the orc! 😱 HP[+1]
You hit the orc priest. You grab the orc priest. You constrict the orc priest.
The orc priest closely misses you.
You hit the endoplasm.
You squeeze the endoplasm, but do no damage.
You constrict the orc priest. The endoplasm freezes you.
You are frozen.
You die...

Skill      XL: |  1  2  3  4  5  6 |
---------------+-------------------+-----
Dodging        | 4 5 6 |  6.0
Maces & Flails | 1 3 |  3.9
Fighting       | |  3.0
Short Blades   | |  2.0
Shields        | |  3.0

Action                   |  1- 3 |  4- 6 || total
-------------------------+-------+-------++-------
Melee: Rapier            |    33 |       ||    33
       Constrict         |     9 |    13 ||    22
       Tentacles         |     5 |    11 ||    16
       Dagger            |     3 |       ||     3
       Whip              |     2 |    46 ||    48
       Punch             |       |     2 ||     2
Throw: Stone             |    42 |    20 ||    62
  Use: Potion            |     1 |       ||     1
       Scroll            |     1 |     4 ||     5
 Stab: Distracted        |     1 |       ||     1
Dodge: Dodged            |    18 |    30 ||    48
Block: Buckler           |     3 |     9 ||    12

Levels and vault maps discovered:
D:1:      dpeg_arrival_radiant, layout_basic
D:2:      cheibrodos_fertilizer, layout_basic, basic_altar, serial_glass,
          glass_columns_a, glass_columns_b, glass_columns_c, glass_columns_a,
          dreamdust_ecumenical_altar_angels_and_demons,
          minmay_misc_feat_encased, minivault_5, serial_bayou_pond_b,
          uniq_crazy_yiuf_cottage, uniq_natasha, uniq_sigmund
D:3:      layout_loops_ring, okawaru_metal_pillars_3,
          mainiacjoe_overflow_boulevard,
          nicolae_uskayaw_murder_on_the_dancefloor, serial_shops,
          nicolae_shop_trees, grunt_ministairs_10, minmay_misc_feat_five

Notes
Turn   | Place    | Note
-------+----------+-------------------------------------------
     0 | D:1      | spaghetti the Octopode Fighter began the quest for the Orb.
     0 | D:1      | Reached XP level 1. HP: 16/16 MP: 1/1
     0 | D:1      | magus.rc [v1.9.6]
   224 | D:1      | Reached XP level 2. HP: 16/21 MP: 2/2
   791 | D:1      | Reached skill level 4 in Dodging
   801 | D:1      | Reached XP level 3. HP: 20/26 MP: 3/3
   815 | D:1      | You add the spells Sting, Ignite Poison and Yara's Violent
                  | Unravelling to your library.
   815 | D:1      | Got Sif Muna's Volume of Shape Shifting
  1289 | D:2      | Identified the +8 whip "Spiderbane" {vamp, Dex+4}
  1301 | D:2      | Noticed Natasha
  1307 | D:2      | Killed Natasha
  1308 | D:2      | Reached skill level 1 in Maces & Flails
  1308 | D:2      | Reached XP level 4. HP: 29/31 MP: 4/4
  1330 | D:2      | Noticed Sigmund
  1337 | D:2      | Killed Sigmund
  1338 | D:2      | Reached skill level 3 in Maces & Flails
  1338 | D:2      | Reached skill level 5 in Dodging
  1338 | D:2      | Reached XP level 5. HP: 28/36 MP: 5/5
  1842 | D:2      | Found a runed translucent door.
  1843 | D:2      | Noticed Crazy Yiuf
  1854 | D:2      | Noticed Natasha
  1855 | D:2      | Identified a scroll of acquirement
  1856 | D:2      | Acquired the ring of Tatuf {+Blink Will+ Int+4 Slay+2}
  1861 | D:2      | Killed Natasha
  1862 | D:2      | Reached XP level 6. HP: 42/42 MP: 6/6
  1876 | D:2      | Found a shimmering blue altar of Sif Muna.
  2174 | D:2      | Found a faded altar of an unknown god.
  2286 | D:2      | Killed Crazy Yiuf
  2336 | D:3      | Reached skill level 6 in Dodging
  2336 | D:3      | HP: 6/42 [orc/+0 war axe (10)]
  2337 | D:3      | HP: 2/42 [orc/+0 short sword (4)]
  2340 | D:3      | Frozen to death by an endoplasm

Vanquished Creatures
  Sigmund (D:2)
  2 jellies (D:2)
  Crazy Yiuf (D:2)
  An orc wizard (D:3)
  Natasha (twice) (D:2)
  2 dart slugs (D:1)
  3 orcs (D:3)
  9 endoplasms
  A hobgoblin (D:1)
  15 kobolds
  6 ball pythons
  A bat (D:1)
  2 frilled lizards (D:1)
  7 goblins
  3 rats (D:1)
56 creatures vanquished.

Vanquished Creatures (others)
  7 fungi (D:2)
  3 plants (D:2)
  11 toadstools (D:2)
21 creatures vanquished.

Grand Total: 77 creatures vanquished

Table legend:
 A = Non-vault XP
 B = Vault XP
 C = Vault XP percentage of total XP
 D = Non-vault monster count
 E = Vault monster count
 F = Vault count percentage of total count
                 A         B        C        D         E       F
            +---------+---------+-------+---------+---------+-------
      Total |      87 |     461 |  84.1 |      30 |      26 |  46.4
            +---------+---------+-------+---------+---------+-------
        D:1 |      42 |       0 |   0.0 |      24 |       0 |   0.0
        D:2 |      45 |     417 |  90.3 |       6 |      22 |  78.6
        D:3 |       0 |      44 | 100.0 |       0 |       4 | 100.0
            +---------+---------+-------+---------+---------+-------

Illustrated notes

Table legend:
 A = Kills in this place as a percentage of kills in entire the game.
 B = Kills by you in this place as a percentage of kills by you in the entire game.
 C = Kills by friends in this place as a percentage of kills by friends in the entire game.
 D = Other kills in this place as a percentage of other kills in the entire game.
 E = Experience gained in this place as a percentage of experience gained in the entire game.
 F = Experience gained in this place divided by the number of levels of this place that you have seen.
                   A       B       C       D       E      F
               +-------+-------+-------+-------+-------+----------------------
         Total | 100.0 | 100.0 |   N/A |   N/A | 100.0 | 182.7
       Dungeon | 100.0 | 100.0 |   N/A |   N/A | 100.0 | 182.7
               +-------+-------+-------+-------+-------+----------------------

Table legend: (Time is in decaauts)
 A = Elapsed time spent in this place.
 B = Non-inter-level travel time spent in this place.
 C = Inter-level travel time spent in this place.
 D = Time resting spent in this place.
 E = Time spent auto-exploring this place.
 F = Levels seen in this place.
 G = Mean time per level.
                   A        B        C        D        E       F      G
               +--------+--------+--------+--------+--------+-----+--------+
         Total |   2350 |   2323 |     27 |    179 |   1809 |   3 |  783.3 |
       Dungeon |   2350 |   2323 |     27 |    179 |   1809 |   3 |  783.3 |
               +--------+--------+--------+--------+--------+-----+--------+

Top non-repeatable levels by time:
     D:2: 1254 daAuts
     D:1: 1078 daAuts
     D:3: 17 daAuts
